 Dungeon Crawl Stone Soup version 0.20.1-1-g8b1a95d (webtiles) character file.

12 dvd the Caller (level 2, -2/24 HPs)
             Began as a Troll Summoner on Oct 24, 2017.
             Slain by a gnoll
             ... wielding a +0 whip
              (9 damage)
             ... on level 1 of the Dungeon.
             The game lasted 00:01:11 (253 turns).

dvd the Caller (Troll Summoner)                      Turns: 253, Time: 00:01:12

Health: -2/24      AC:  5    Str: 15    XL:     2   Next: 20%
Magic:  0/3        EV: 10    Int: 11    God:
Gold:   18         SH:  0    Dex: 10    Spells: 2/3 levels left

rFire    + . .     SeeInvis .   e - +0 whip
rCold    . . .     Gourm    +   (no shield)
rNeg     . . .     Faith    .   a - +0 robe
rPois    .         Spirit   .   (helmet restricted)
rElec    .         Reflect  .   (no cloak)
rCorr    .         Harm     .   (gloves unavailable)
MR       .....                  (boots unavailable)
Stlth    +.........             (no amulet)
Regen    0.5/turn               h - ring of protection from fire
MPRegen  0.1/turn               (no ring)

@: no status effects
A: unfitting armour, claws 3, fast metabolism 3, gourmand, regeneration 1,
shaggy fur 1, tough skin 2
a: no special abilities


You were on level 1 of the Dungeon.
You were completely stuffed.

You visited 1 branch of the dungeon, and saw 1 of its levels.

You collected 18 gold pieces.

Inventory:

Hand Weapons
 e - a +0 whip (weapon)
Armour
 a - a +0 robe (worn)
Jewellery
 h - a ring of protection from fire (left claw)
Potions
 g - a potion of flight {unknown}
Books
 b - a book of Callings

   Spells                             Type                      Level
   a - Summon Small Mammal            Summoning                    1
   b - Call Imp                       Summoning                    2
   c - Call Canine Familiar           Summoning                    3
   d - Summon Guardian Golem          Hexes/Summoning              3
   e - Summon Lightning Spire         Summoning/Air                4
   f - Summon Ice Beast               Ice/Summoning                4
Comestibles
 c - 2 bread rations
 d - 6 chunks of flesh
 f - a meat ration


   Skills:
 + Level 0.1 Maces & Flails
 + Level 1.5 Dodging
 + Level 1.0 Stealth
 + Level 0.2 Unarmed Combat
 + Level 1.3 Spellcasting
 + Level 3.2 Summonings


You had 2 spell levels left.
You knew the following spells:

 Your Spells              Type           Power        Failure   Level  Hunger
a - Summon Small Mammal   Summ           #...         9%          1    ##.....


Dungeon Overview and Level Annotations

Branches:
Dungeon (1/15)

Altars:


Innate Abilities, Weirdness & Mutations

You are too large for most types of armour.
You have claws for hands.
Your metabolism is lightning-fast.
You like to eat raw meat.
Your natural rate of healing is unusually fast.
You are covered in fur. (AC +1)
You have very tough skin. (AC +2)


Message History

The gnoll hits you with a whip.
You hit the gnoll but do no damage.
The gnoll is severely wounded.
Your bat barely misses the gnoll.
Your rat barely misses the gnoll.
The gnoll hits you with a whip!
You closely miss the gnoll.
The gnoll is severely wounded.
Your bat hits the gnoll but does no damage.
Your bat barely misses the gnoll.
Your rat closely misses the gnoll.
The gnoll hits you with a whip!
* * * LOW HITPOINT WARNING * * *
You hit the gnoll but do no damage.
The gnoll is severely wounded.
Your rat barely misses the gnoll.
The gnoll barely misses you.
Your bat closely misses the gnoll.
You closely miss the gnoll.
The gnoll is severely wounded.
Your bat hits the gnoll but does no damage.
Your rat barely misses the gnoll.
The gnoll hits you with a whip!
You die...

###### #######
##.....##.....##
#....b.........##
......g@........########
......r.................
..............รท.########
................# ###
................# #..
................# #..
#..............## ##..
##.....##.....## ##...
#### ###.### #....


You could see a gnoll, a friendly bat and a friendly rat.

Vanquished Creatures
  2 giant cockroaches (D:1)
  2 goblins (D:1)
  3 hobgoblins (D:1)
  A jackal (D:1)
  A bat (D:1)
  A kobold (D:1)
  A rat (D:1)
11 creatures vanquished.

Vanquished Creatures (collateral kills)
  A ball python (D:1)
1 creature vanquished.

Grand Total: 12 creatures vanquished

Notes
Turn   | Place    | Note
-------+----------+-------------------------------------------
     0 | D:1      | dvd the Troll Summoner began the quest for the Orb.
     0 | D:1      | Reached XP level 1. HP: 16/16 MP: 1/1
    13 | D:1      | Reached skill level 3 in Summonings
   132 | D:1      | Reached XP level 2. HP: 15/24 MP: 3/3
   253 | D:1      | Slain by a gnoll

Skill      XL: |  1 |
---------------+----+-----
Summonings     | 3 |  3.2
Maces & Flails | |  0.1
Dodging        | |  1.5
Stealth        | |  1.0
Unarmed Combat | |  0.2
Spellcasting   | |  1.3

Action                   || total
-------------------------++-------
Melee: Whip              ||    37
       Unarmed           ||     7
 Cast: Summon Small Mamm ||    10
  Eat: Chunk             ||     8
Armor: Robe              ||    15
Dodge: Dodged            ||    19
